Map: Honorgrounds LE

Players

Musumeci

  • Race: Zerg Zerg
  • League: Diamond
  • Spawn Location: 7:00

IIllIIllIIll - Winner!

  • Race: Terran Terran
  • League: Diamond
  • Spawn Location: 11:00

VOD

Have the link to the VOD?

Description

Time

  • Played on: Feb. 21, 2017, 1:41 p.m.
  • Length: 23:07
Show
View Real Time Build Order
Export as new Build Order

Musumeci Zerg 

Build Orders: Hatch First 

Get SALT Encoding   

  12  0:01  Drone  
  13  0:08  Drone  
  14  0:14  Extractor  
  14  0:15  Drone  
  15  0:42  Hatchery  
  14  0:47  Drone, Extractor  
  15  1:04  Spawning Pool  
  15  1:09  Drone, Extractor  
  14  1:13  Extractor  
  14  1:16  Drone  
  16  1:21  Overlord  
  16  1:42  Drone x2  
  16  1:43  Drone  
  19  1:52  Queen  
  21  1:56  Queen  
  21  2:00  Drone  
  25  2:08  Drone x2  
  25  2:09  Extractor  
  25  2:11  Drone  
  26  2:26  Overlord  
  26  2:27  Queen  
  29  2:44  Queen  
  29  2:51  Drone x5  
  36  3:17  Overlord  
  36  3:30  Hatchery  
  34  3:46  Extractor  
  33  3:49  Drone x11, Roach Warren  
  43  3:56  Overlord  
  43  4:07  Extractor  
  42  4:20  Drone x8  
  50  4:29  Roach  
  50  4:30  Overlord  
  52  4:48  Evolution Chamber, Spore Crawler  
  52  4:49  Evolution Chamber  
  49  4:55  Drone x9  
  49  4:58  Extractor  
  49  4:59  Drone x2  
  60  5:04  Drone  
  61  5:15  Roach x2  
  61  5:17  Zerg Missile Weapons Level 1  
  65  5:22  Extractor  
  65  5:24  Overlord  
  65  5:26  Overlord  
  65  5:27  Overlord  
  64  5:33  Drone x2  
  64  5:35  Overlord x2  
  66  5:36  Overlord  
  64  5:43  Roach x3  
  70  5:55  Roach x4  
  78  5:57  Roach  
  80  6:11  Extractor  
  79  6:12  Hatchery  
  78  6:22  Ravager x3  
  79  6:40  Spore Crawler  
  79  6:41  Spore Crawler x2  
  79  6:45  Spore Crawler  
  69  6:52  Roach x9  
  87  7:02  Drone x3  
  87  7:03  Drone x2  
  92  7:18  Zerg Ground Armor Level 1  
  92  7:19  Lair  
  92  7:20  Roach  
  92  7:21  Roach  
  96  7:24  Extractor  
  96  7:29  Overlord  
  95  7:32  Roach x2  
  99  7:40  Roach x7  
  113  7:46  Ravager  
  113  7:47  Ravager x3  
  113  7:48  Ravager  
  91  8:08  Roach x12  
  115  8:19  Ravager x3  
  118  8:26  Drone x4  
  122  8:29  Overlord x2  
  122  8:30  Overlord x3  
  119  8:53  Hatchery  
  119  9:03  Hatchery  
  119  9:05  Ravager x2  
  119  9:06  Roach x2, Ravager  
  119  9:07  Roach x14  
  153  9:10  Glial Reconstitution  
  153  9:15  Drone  
  154  9:18  Overlord x4  
  154  9:47  Roach x8  
  154  9:51  Ravager x6  
  176  10:05  Roach x5  
  186  10:07  Overlord x5  
  186  10:16  Drone  
  186  10:17  Drone x4  
  186  10:20  Zerg Missile Weapons Level 2  
  191  10:30  Zergling x2  
  192  10:46  Ravager  
  192  10:47  Ravager  
  192  10:49  Ravager x6  
  176  11:01  Ravager x5  
  176  11:03  Drone  
  176  11:04  Drone x12  
  192  11:07  Extractor  
  192  11:08  Extractor  
  195  11:18  Ravager x3  
  195  11:27  Zerg Ground Armor Level 2  
  118  11:56  Roach x14  
  141  12:17  Roach x5  
  143  12:31  Ravager x3  
  146  12:48  Extractor x2  
  120  12:52  Hatchery  
  117  12:59  Roach x9  
  117  13:00  Roach x2  
  134  13:17  Roach x7  
  134  13:18  Roach  
  132  13:33  Roach x7  
  132  13:34  Roach x3  
  137  13:44  Roach x4  
  137  13:48  Ravager x4  
  131  13:50  Ravager x4  
  123  14:06  Roach  
  123  14:07  Roach x9  
  120  14:15  Queen, Ravager x9  
  120  14:16  Ravager  
  132  14:26  Roach x8  
  132  14:30  Ravager x3  
  121  14:47  Roach  
  121  14:48  Roach x12  
  147  15:10  Ravager x7  
  147  15:11  Roach x2  
  132  15:30  Roach  
  132  15:31  Roach x18  
  142  15:45  Roach x2  
  142  15:46  Roach x10  
  140  15:53  Ravager x2  
  133  16:07  Ravager x3  
  126  16:12  Ravager  
  126  16:18  Roach x6  
  133  16:31  Ravager  
  133  16:32  Ravager  
  123  16:45  Roach x10  
  133  16:49  Roach  
  133  16:50  Roach  
  121  16:56  Roach  
  121  16:57  Roach x2  
  121  17:10  Ravager  
  121  17:11  Ravager  
  108  17:27  Ravager x2  
  108  17:28  Roach x2  
  108  17:29  Roach  
  113  17:32  Extractor  
  113  17:33  Extractor  
  111  17:37  Hatchery, Extractor  
  111  17:38  Extractor, Ravager  
  109  17:49  Ravager  
  109  17:50  Ravager  
  101  18:04  Roach x6  
  101  18:05  Roach  
  103  18:15  Roach x4  
  102  18:25  Roach x3  
  100  18:30  Roach x2  
  104  18:36  Roach x2  
  96  18:49  Ravager  
  94  19:01  Ravager  
  94  19:02  Ravager  
  94  19:15  Ravager  
  94  19:16  Ravager  
  94  19:42  Hatchery  
  93  19:51  Hatchery  
  92  19:56  Hatchery  
  91  20:01  Ravager x5  
  91  20:03  Roach x2  
  100  20:13  Extractor  
  99  20:24  Extractor  
  98  20:41  Extractor x2  
  96  21:02  Roach x15  
  124  21:30  Roach x12  
  144  21:46  Ravager x3  
  112  22:19  Ravager x6  
  101  22:40  Ravager  
Show
View Real Time Build Order
Export as new Build Order

IIllIIllIIll Terran - Winner!

Build Orders: Reaper Expand, Bio Tank 

Get SALT Encoding   

  12  0:01  SCV  
  13  0:13  SCV  
  14  0:19  Supply Depot  
  14  0:26  SCV  
  15  0:40  SCV  
  15  0:41  Barracks  
  16  0:45  Refinery  
  16  0:52  SCV  
  17  1:04  SCV  
  18  1:16  SCV  
  19  1:28  Reaper  
  19  1:29  Orbital Command  
  20  1:44  Command Center  
  20  1:55  Barracks  
  20  1:57  SCV  
  21  2:09  Barracks Reactor  
  21  2:10  SCV  
  21  2:14  Supply Depot  
  22  2:17  Refinery  
  22  2:22  SCV  
  23  2:35  SCV  
  24  2:38  Factory  
  24  2:47  SCV, Marine  
  24  2:48  Marine  
  27  2:54  Barracks Tech Lab  
  26  3:10  Marine x2  
  26  3:12  Orbital Command, SCV  
  29  3:21  Marine  
  29  3:23  Stimpack  
  29  3:24  SCV  
  31  3:28  Marine  
  31  3:34  Factory Reactor  
  32  3:39  Starport  
  32  3:41  SCV x2  
  32  3:48  Marine  
  35  3:50  Marine  
  35  3:53  SCV x2  
  38  3:58  Marine  
  39  4:05  SCV  
  39  4:06  SCV  
  39  4:09  Marine  
  41  4:10  Marine, Supply Depot  
  43  4:18  SCV x2, Supply Depot  
  43  4:21  Marine  
  46  4:31  SCV x2, Marine, Medivac x2  
  46  4:33  Marine, Supply Depot  
  54  4:41  Marine  
  54  4:43  SCV x2  
  57  4:49  Marine  
  58  4:54  Marine  
  58  4:56  SCV x2  
  58  4:58  Marine  
  62  5:10  Command Center  
  62  5:14  Factory Reactor  
  62  5:15  SCV x2, Engineering Bay  
  62  5:16  Barracks, Engineering Bay  
  62  5:19  Refinery  
  64  5:21  Refinery  
  64  5:26  Supply Depot  
  64  5:30  Marine x2, Supply Depot  
  64  5:33  Medivac  
  68  5:38  Medivac  
  70  5:47  SCV x2, Marine, Terran Infantry Weapons Level 1  
  70  5:48  Marine  
  74  5:51  Terran Infantry Armor Level 1  
  73  5:57  Marine, Combat Shields  
  73  6:00  SCV x2  
  76  6:09  Marine x2  
  78  6:12  SCV x2  
  78  6:14  Factory Tech Lab  
  78  6:16  Supply Depot  
  78  6:18  Marine  
  81  6:19  Marine, Supply Depot  
  81  6:24  SCV x2  
  83  6:27  Marine  
  80  6:33  Liberator x2  
  80  6:34  Marine x2  
  80  6:35  Marine, Siege Tank  
  80  6:37  Marine  
  80  6:38  Orbital Command  
  87  6:45  Marine  
  83  6:52  Marine x2  
  91  6:55  Refinery  
  91  6:56  SCV x2  
  91  7:00  Marine  
  94  7:05  Refinery  
  94  7:06  SCV, Armory  
  94  7:08  SCV, Marine x2  
  96  7:13  Siege Tank  
  101  7:16  SCV  
  101  7:18  SCV  
  101  7:20  SCV  
  104  7:25  Factory  
  104  7:26  Marine x3  
  104  7:28  SCV, Barracks  
  104  7:29  Marine  
  109  7:30  SCV  
  109  7:31  Marine  
  109  7:32  SCV  
  112  7:37  Supply Depot  
  112  7:38  Supply Depot  
  112  7:40  SCV  
  112  7:42  Supply Depot  
  112  7:43  SCV, Marine  
  112  7:44  Marine  
  116  7:54  Liberator x2  
  116  7:59  Siege Tank, Supply Depot  
  116  8:00  Supply Depot  
  111  8:09  Marine x2  
  117  8:13  SCV x2  
  117  8:14  Terran Infantry Weapons Level 2, Command Center  
  117  8:15  Terran Infantry Armor Level 2  
  117  8:17  SCV  
  120  8:25  SCV x2  
  122  8:29  SCV, Barracks, Marine x3  
  122  8:31  Barracks Reactor, Barracks  
  122  8:34  Factory Tech Lab  
  126  8:35  Marine x2  
  126  8:38  Siege Tank  
  126  8:40  SCV  
  126  8:41  SCV, Liberator x2  
  128  8:52  Marine  
  128  8:53  Marine  
  130  8:56  Marine x2  
  138  9:07  SCV  
  138  9:08  SCV, Marine x3  
  138  9:09  Siege Tank  
  146  9:11  Terran Vehicle Weapons Level 1  
  146  9:16  Marine x3, Supply Depot  
  149  9:17  Supply Depot x2, Siege Tank  
  149  9:19  SCV x2, Supply Depot  
  154  9:25  Barracks Tech Lab  
  154  9:26  Barracks Tech Lab  
  154  9:29  Orbital Command  
  154  9:31  Liberator x2  
  154  9:33  Marine  
  147  9:41  Siege Tank  
  155  9:53  Marauder x3, Marine x4  
  165  10:07  Refinery x2  
  165  10:09  Starport  
  165  10:10  Armory  
  165  10:12  Marine x3  
  165  10:13  Siege Tank  
  171  10:14  Marauder x2  
  171  10:17  Siege Tank  
  171  10:19  SCV x2  
  180  10:21  Liberator  
  180  10:23  Marauder, Marine  
  181  10:36  Marauder  
  181  10:39  Command Center  
  184  10:45  Siege Tank  
  185  10:50  Starport Reactor  
  185  10:53  Command Center  
  181  10:58  Command Center  
  181  10:59  Marauder, Marine x3  
  181  11:00  Marauder, Marine  
  181  11:02  Terran Ship Weapons Level 1  
  189  11:07  Terran Infantry Weapons Level 3  
  189  11:12  Terran Infantry Armor Level 3  
  96  11:18  Liberator  
  189  11:20  Siege Tank  
  192  11:28  SCV x2  
  192  11:29  SCV x2  
  199  11:41  SCV  
  199  11:42  Liberator x2  
  187  11:49  Marine x3  
  187  11:50  Marauder x3, Marine  
  156  11:58  Marine x2  
  145  12:03  Siege Tank x2  
  145  12:04  Liberator  
  145  12:07  Marine  
  149  12:09  Orbital Command  
  149  12:10  Orbital Command  
  149  12:11  Marauder x2, Marine x2  
  149  12:12  Marauder, Marine  
  158  12:15  Marine  
  158  12:18  Marine  
  163  12:25  Marine  
  163  12:29  Marine x3  
  147  12:31  Liberator  
  147  12:32  Marine  
  147  12:33  Marauder x2, Marine  
  147  12:35  Siege Tank  
  157  12:38  Siege Tank  
  157  12:39  Liberator, Marine  
  157  12:43  Liberator, Marine  
  162  12:47  Marine x3  
  162  12:50  Marine  
  157  12:51  Marine  
  157  12:53  Marine  
  157  12:54  Marauder  
  157  12:56  Marine  
  161  13:00  Marine  
  161  13:05  Marine x3  
  168  13:07  Siege Tank  
  168  13:09  Marauder, Marine  
  168  13:10  Siege Tank  
  168  13:12  Marauder  
  169  13:14  Marine  
  169  13:15  Marine  
  169  13:18  Marine  
  164  13:20  Medivac  
  164  13:22  Marine  
  164  13:23  Marine x2  
  160  13:27  Marine  
  160  13:30  Marauder  
  160  13:32  Marine  
  160  13:33  Marauder x2  
  168  13:36  Marine  
  168  13:40  Marine x2  
  168  13:41  Marine  
  165  13:44  Building Armor  
  165  13:45  Marine  
  165  13:46  Medivac x3  
  163  13:50  Marine  
  163  13:51  Marauder  
  163  13:53  Liberator  
  163  13:54  Marine  
  163  13:55  Marauder x2  
  171  13:58  Marine  
  171  13:59  Liberator  
  167  14:07  Liberator x2  
  161  14:11  Marine x2  
  161  14:13  Marauder  
  161  14:15  Marine x3  
  161  14:16  Marauder, Marine x2, Siege Tank x2  
  184  14:29  Marine x2  
  192  14:32  Marine  
  192  14:33  Orbital Command, Marine x3  
  196  14:38  Marine x2  
  196  14:39  Marine  
  190  14:48  Siege Tank  
  190  14:49  Terran Vehicle Weapons Level 2  
  190  14:52  Terran Ship Weapons Level 2  
  196  14:57  Marine  
  196  14:58  Marine x6  
  200  15:06  Refinery x2  
  200  15:10  Medivac x4  
  200  15:12  Siege Tank  
  200  15:13  Marine x2  
  196  15:15  Marine x3  
  196  15:20  Siege Tank  
  196  15:25  Marine  
  196  15:26  Marine  
  194  15:32  Liberator  
  194  15:33  Liberator x2  
  182  15:40  Marine x2  
  182  15:41  Marine x5  
  172  15:43  Marine x2  
  172  15:44  Siege Tank  
  159  15:52  Siege Tank  
  171  15:58  Marine x4, Command Center  
  171  15:59  Marine x3  
  171  16:01  Command Center  
  171  16:02  Command Center  
  171  16:04  Command Center x2  
  178  16:08  Marine x2  
  180  16:12  Liberator  
  180  16:13  Command Center  
  180  16:15  Liberator x2  
  180  16:16  Marine x5  
  180  16:17  Marine x2  
  179  16:26  Marine x2  
  170  16:34  Marine x6  
  170  16:35  Marine  
  170  16:39  Siege Tank x2  
  183  16:44  Marine x2  
  172  16:51  Marine  
  172  16:54  Marine x4  
  161  16:56  Marine x2  
  155  17:02  Marine x2  
  155  17:05  Terran Vehicle Weapons Level 3  
  155  17:08  Terran Ship Weapons Level 3  
  157  17:09  Marine  
  157  17:11  Siege Tank x2  
  157  17:12  Marauder, Marine x3  
  155  17:24  Orbital Command x3  
  150  17:31  Orbital Command  
  150  17:35  Liberator x2  
  150  17:43  Siege Tank x2  
  156  17:45  Command Center  
  156  17:47  Marine x2  
  151  17:53  Liberator, Marine x5  
  151  17:54  Liberator, Marine x2  
  161  17:59  Orbital Command  
  161  18:05  Marine x2  
  162  18:11  Marine x3  
  162  18:12  Marine x4  
  166  18:15  Siege Tank x2  
  166  18:23  Marine x2  
  158  18:29  Marine x3  
  158  18:30  Marine x2  
  158  18:31  Marine x2  
  160  18:41  Marine x2  
  159  18:46  Marine x2  
  159  18:47  Marine, Siege Tank x2  
  159  18:48  Marine x2  
  168  18:49  Marine  
  168  18:53  Marine  
  168  18:58  Marine x2  
  176  19:04  Viking x4, Marine x2  
  176  19:12  Command Center  
  176  19:17  Marine x4  
  176  19:18  Marine, Command Center  
  176  19:19  Marauder x2, Siege Tank  
  176  19:20  Siege Tank  
  179  19:25  Marine  
  179  19:26  Marine  
  181  19:35  Marine x2  
  181  19:36  Orbital Command  
  191  19:44  Medivac x4  
  191  19:51  Siege Tank  
  191  19:52  Siege Tank  
  197  19:56  Marine x2  
  197  19:57  Marine  
  200  20:12  Terran Vehicle And Ship Armor Level 1  
  200  20:13  Orbital Command  
  200  20:16  Orbital Command  
  197  20:28  Orbital Command  
  197  20:30  Marine  
  197  20:31  Marine  
  193  20:41  Marine  
  193  20:42  Marine x2  
  185  20:44  Medivac x4  
  185  20:47  SCV x4  
  184  20:50  Marine x3  
  184  20:51  Marine  
  184  20:55  Marine  
  184  20:56  Marine  
  180  20:57  Siege Tank x2  
  180  20:59  Marine  
  180  21:03  Planetary Fortress  
  187  21:05  Planetary Fortress  
  187  21:10  Marine x3  
  190  21:14  Medivac x2  
  190  21:15  Medivac x2  
  190  21:16  Marine  
  190  21:17  Marine  
  191  21:31  Marauder, Marine  
  191  21:32  Marauder x2  
  196  21:34  Marine x3  
  197  21:43  Marine x2  
  187  21:47  Medivac  
  187  21:48  Marine, Medivac  
  187  21:51  Marine  
  187  21:52  Marine  
  187  21:53  Marauder x3  
  200  22:03  Marine  
  200  22:04  Marine x2  
  200  22:06  Marine  
  192  22:09  Marine x2  
  192  22:14  Marine x3, Siege Tank x2  
  182  22:29  Marine x3  
  185  22:31  Marine  
  185  22:32  Marine x2  
  185  22:35  Marine x2  
  180  22:37  Marine  
  167  22:46  Marine  
  167  22:47  Marine x2  
Tags
 
Add a new tag
Caveats
  • Supply blocks, unpowered buildings, or Contaminate may cause inaccurate times.
  • Supply counts are checked every 10 seconds.